 Dungeon Crawl Stone Soup version 0.30-a0-476-g330ca2eb8e (webtiles) character file.

Game seed: 6380789805279839435

66 avis the Stinger (level 4, 0/36 HPs)
             Began as a Naga Venom Mage on Dec 21, 2022.
             Killed from afar by Sigmund (8 damage)
             ... with a puff of flame
             ... on level 2 of the Dungeon on Dec 22, 2022.
             The game lasted 00:19:37 (2857 turns).

avis the Stinger (Naga Venom Mage)                  Turns: 2857, Time: 00:19:38

Health: 0/36       AC:  2    Str: 11    XL:     4   Next: 15%
Magic:  2/7        EV:  9    Int: 17    God:
Gold:   62         SH:  0    Dex: 11    Spells: 1/7 levels left

rFire   . . .      SeeInvis +    j - +0 dagger
rCold   . . .      Faith    .    (no shield)
rNeg    . . .      Spirit   .    a - +0 robe
rPois   +          Reflect  .    (no helmet)
rElec   .          Harm     .    (no cloak)
rCorr   .          Rampage  .    (no gloves)
Will    +....                    (no barding)
Stlth   ++........               (no amulet)
HPRegen 0.26/turn                f - ring of willpower
MPRegen 0.10/turn                (no ring)

@: very slow
A: AC +1, large, see invisible, deformed body, poison resistance, slowness 2,
spit poison 1, naga tail 1
a: Spit Poison


You were on level 2 of the Dungeon.
You visited 1 branch of the dungeon, and saw 2 of its levels.

You collected 62 gold pieces.

Inventory:

Hand Weapons
 j - a +0 dagger (weapon)
Armour
 a - a +0 robe (worn)
Jewellery
 f - a ring of willpower (left hand)
 i - a +4 ring of evasion
Wands
 p - a wand of flame (7)
Scrolls
 d - 5 scrolls of identify {unknown}
 e - 2 scrolls of enchant armour {unknown}
 g - 2 scrolls of magic mapping {unknown}
 l - a scroll of noise {unknown}
 m - a scroll of amnesia {unknown}
 n - a scroll of fog {unknown}
Potions
 b - a potion of magic
 c - 2 potions of lignification {unknown}
 h - a potion of heal wounds {unknown}
 k - a potion of mutation {unknown}
 o - a potion of haste {unknown}
 q - a potion of curing {unknown}


   Skills:
 - Level 1.5 Dodging
 - Level 4.0 Stealth
 - Level 2.0 Spellcasting
 - Level 1.0 Transmutations
 - Level 2.0 Air Magic
 * Level 5.3 Poison Magic


You had one spell level left.
You knew the following spells:

 Your Spells              Type           Power      Damage    Failure   Level
a - Sting                 Tmut/Pois      48%        1d5       5%          1
i - Poisonous Vapours     Pois/Air       28%        N/A       7%          2
m - Mephitic Cloud        Conj/Pois/Air  9%         N/A       22%         3

Your spell library contained the following spells:

 Spells                   Type           Power      Damage    Failure   Level
 Olgreb's Toxic Radiance  Pois           19%        N/A       22%         4
 Inner Flame              Hex/Fire       1%         N/A       50%         3
 Flame Wave               Conj/Fire      1%         2d4       88%         4
 Sticky Flame             Conj/Fire      1%         2d3       88%         4


Dungeon Overview and Level Annotations

Branches:
Dungeon (2/15)

Altars:
The Shining One

Annotations:
D:2 Sigmund


Innate Abilities, Weirdness & Mutations

Your serpentine skin is tough. (AC +1)
You have supernaturally acute eyesight. (SInv)
Armour fits poorly on your strangely shaped body.
Your system is resistant to poisons. (rPois)
You cover ground very slowly.
You can spit poison.
You have a snake-like lower body.


Message History

Confirm with . or Enter, or press ? or * to list all spells.
Aiming: Sting (safe; 5% risk of failure)
Press: ? - help, Shift-Dir - straight line, f/p - Sigmund
Aim: Sigmund, wielding a +0 scythe, wearing a +0 robe and carrying a wand of light (7) (poisoned, 68% to hit)
The sting hits Sigmund.
Sigmund looks even sicker.
Sigmund is lightly wounded.
Sigmund misses you.
Casting: Sting (safe; 5% risk of failure)
Confirm with . or Enter, or press ? or * to list all spells.
Aiming: Sting (safe; 5% risk of failure)
Press: ? - help, Shift-Dir - straight line, f/p - Sigmund
Aim: Sigmund, wielding a +0 scythe, wearing a +0 robe and carrying a wand of light (7) (moderately wounded, very poisoned, 68% to hit)
The sting misses Sigmund.
Sigmund zaps a wand.
The bolt of light hits you!
You are confused.
Your magical contamination has completely faded away.
You bump into the rock wall.
You feel less confused.
Sigmund zaps a wand.
The bolt of light hits you!
Aiming: Spit Poison (1% risk of failure)
Press: ? - help, Shift-Dir - straight line, f/p - Sigmund
Aim: Sigmund, wielding a +0 scythe, wearing a +0 robe and carrying a wand of light (5) (heavily wounded, very poisoned, 54% to hit)
The splash of poison hits Sigmund!
Sigmund looks even sicker.
Sigmund is severely wounded.
Sigmund barely misses you.
Sigmund points at you and mumbles some strange words.
The puff of flame hits you.
* * * LOW HITPOINT WARNING * * *
You see here a ball python skeleton.
Sigmund zaps a wand.
The bolt of light misses you.
Casting: Sting (safe; 5% risk of failure)
Confirm with . or Enter, or press ? or * to list all spells.
Aiming: Sting (safe; 5% risk of failure)
Press: ? - help, Shift-Dir - straight line, f/p - Sigmund
Aim: Sigmund, wielding a +0 scythe, wearing a +0 robe and carrying a wand of light (4) (almost dead, very poisoned, 68% to hit)
The sting misses Sigmund.
You have got your breath back.
Sigmund says, "Don't worry, I'll kill you fast."
Sigmund points at you and mumbles some strange words.
The puff of flame hits you!
You die...

.............# #.#......#.##)
.#.._........# #...####...##.
.............# ##.## ######.
#......#...#.# #.# ##'
########...#.# #.# ##.. .##
#####@# #.## ##... ..## ##.###.#
##..## ##....
...####...##.#######.#..####.....
...'.........@รท.@..........+.....
...####...###########...####.....
..## ##.## #...## ##.... .## #.#
#.### ##... ## #.# #.# ##.. # #.#
#.# #.. #.# #.# #.. #.#
#.##########.. # #.#
#.............


You could see Sigmund (very poisoned).

Vanquished Creatures
  An adder (D:2)
  A worm (D:2)
  3 dart slugs (D:1)
  3 endoplasms
  4 giant cockroaches (D:1)
  2 goblins
  6 hobgoblins
  A kobold (D:2)
  3 quokkas (D:1)
  6 ball pythons
  7 bats
  2 frilled lizards
  6 rats
45 creatures vanquished.

Notes
Turn   | Place    | Note
-------+----------+-------------------------------------------
     0 | D:1      | avis the Naga Venom Mage began the quest for the Orb.
     0 | D:1      | Reached XP level 1. HP: 15/15 MP: 3/3
   180 | D:1      | Reached XP level 2. HP: 18/22 MP: 0/5
   361 | D:1      | Reached skill level 5 in Poison Magic
   365 | D:1      | Learned a level 2 spell: Poisonous Vapours
   570 | D:1      | Reached skill level 1 in Air Magic
   750 | D:1      | Reached XP level 3. HP: 28/28 MP: 1/6
  1068 | D:1      | Learned a level 3 spell: Mephitic Cloud
  2242 | D:2      | Reached XP level 4. HP: 36/36 MP: 2/7
  2784 | D:2      | Found a glowing golden altar of the Shining One.
  2836 | D:2      | Noticed Sigmund
  2857 | D:2      | Killed from afar by Sigmund

Illustrated notes

Levels and vault maps discovered:
D:1:      erik_arrival_cave_to_civilisation [erik_arrival_cave_to_hall],
          layout_basic
D:2:      layout_loops_corners, basic_altar, serial_shops,
          nicolae_shop_competitors_out_of_business, dreamdust_wishing_well,
          uniq_sigmund

Skill      XL: |  1  2  3 |
---------------+----------+-----
Poison Magic   | 5 |  5.3
Air Magic      | 1 2 |  2.0
Stealth        | 4 |  4.0
Dodging        | |  1.5
Spellcasting   | |  2.0
Transmutations | |  1.0

Action                   |  1- 3 |  4- 6 || total
-------------------------+-------+-------++-------
Melee: Unarmed           |    15 |       ||    15
       Dagger            |     3 |       ||     3
 Cast: Sting             |    41 |    10 ||    51
       Poisonous Vapours |    24 |     6 ||    30
 Abil: Spit Poison       |     3 |     2 ||     5
Armor: Robe              |     8 |     2 ||    10
Dodge: Dodged            |     9 |     3 ||    12

Table legend: (Time is in decaauts)
 A = Elapsed time spent in this place.
 B = Non-inter-level travel time spent in this place.
 C = Inter-level travel time spent in this place.
 D = Time resting spent in this place.
 E = Time spent auto-exploring this place.
 F = Levels seen in this place.
 G = Mean time per level.
                   A        B        C        D        E       F      G
               +--------+--------+--------+--------+--------+-----+--------+
         Total |   3495 |   3234 |    261 |    982 |   1556 |   2 | 1747.5 |
       Dungeon |   3495 |   3234 |    261 |    982 |   1556 |   2 | 1747.5 |
               +--------+--------+--------+--------+--------+-----+--------+

Top non-repeatable levels by time:
     D:1: 2012 daAuts
     D:2: 1483 daAuts
